 Dungeon Crawl Stone Soup version 0.18.1-8-gdd0e5ea (console) character file.

700 Kloppie the Basher (level 7, -8/79 HPs)
             Began as an Ogre Gladiator on June 4, 2016.
             Was an Initiate of Makhleb.
             Mangled by an orc warrior
             ... wielding a +0 war axe
              (18 damage)
             ... on level 5 of the Dungeon.
             The game lasted 00:08:21 (5108 turns).

Kloppie the Basher (Ogre Gladiator)                 Turns: 5108, Time: 00:08:21

Health: -8/79      AC:  6    Str: 20 (21) XL:     7   Next: 65%
Magic:  7/7        EV: 10    Int:  7      God:    Makhleb [......]
Gold:   77         SH:  0    Dex: 12      Spells: 0 memorised, 6 levels left

rFire  . . .     SeeInvis .     a - +0 flail
rCold  . . .     Gourm    .     b - +0 robe
rNeg   . . .     Faith    .     (no shield)
rPois  .         Spirit   .     c - +1 hat
rElec  .         Dismiss  .     m - +1 cloak
rCorr  +         Reflect  .     (gloves unavailable)
SustAt .         Harm     .     (boots unavailable)
MR     .....                    (no amulet)
Stlth  ++........               h - ring of resist corrosion
                                g - ring of stealth

@: not resistant to hostile enchantments, unstealthy
A: unfitting armour, tough skin 1
a: Renounce Religion


You were on level 5 of the Dungeon.
You worshipped Makhleb.
Makhleb was noncommittal.
You were not hungry.

You visited 2 branches of the dungeon, and saw 7 of its levels.

You collected 77 gold pieces.

Inventory:

Hand Weapons
 a - a +0 flail (weapon)
Missiles
 d - 3 throwing nets (quivered)
 j - 85 stones
Armour
 b - a +0 robe (worn)
 c - a +1 hat (worn)
 m - a +1 cloak (worn)
Jewellery
 g - a ring of stealth (left hand)
 h - a ring of resist corrosion (right hand)
 p - an uncursed ring of wizardry
 w - an uncursed ring of sustain attributes
Wands
 q - a wand of lightning (0/15)
 F - a wand of teleportation (2/9)
Scrolls
 e - a scroll of recharging
 i - a scroll of fear {unknown}
 k - a scroll of teleportation
 n - 3 scrolls of amnesia
 y - a scroll of remove curse {unknown}
 B - 2 scrolls of silence {unknown}
 C - a scroll of immolation {unknown}
 G - a scroll of blinking
Potions
 l - a potion of brilliance
 o - 2 potions of degeneration
 r - a potion of might {unknown}
 t - a potion of invisibility {unknown}
 u - a potion of resistance {unknown}
 x - a potion of lignification {unknown}
 A - a potion of mutation {unknown}
 D - a potion of heal wounds {unknown}
Books
 z - a book of Necromancy

   Spells                             Type                      Level
   a - Pain                           Necromancy                   1
   b - Animate Skeleton               Necromancy                   1
   c - Vampiric Draining              Necromancy                   3
   d - Regeneration                   Charms/Necromancy            3
   e - Animate Dead                   Necromancy                   4
   f - Control Undead                 Necromancy                   4
Comestibles
 f - 5 bread rations
 s - a slice of pizza
 v - 3 meat rations
 E - 5 chunks of flesh


   Skills:
 + Level 7.9 Fighting
 + Level 8.6 Maces & Flails
 - Level 2.0 Throwing
 - Level 2.6 Dodging


You had 6 spell levels left.
You didn't know any spells.

Dungeon Overview and Level Annotations

Branches:
Dungeon (6/15)             Temple (1/1) D:5

Altars:
Ashenzari
Cheibriados
Dithmenos
Elyvilon
Fedhas
Gozag
Kikubaaqudgha
Makhleb
Nemelex Xobeh
Okawaru
Pakellas
Qazlal
Ru
Sif Muna
Trog
Vehumet
Xom
Yredelemnul
Zin
The Shining One


Innate Abilities, Weirdness & Mutations

You are too large for most types of armour.
You have tough skin (AC +1).


Message History

The orc warrior hits you with a war axe!
You closely miss the orc warrior. You thump the orc warrior!
The orc warrior is heavily wounded.
The orc warrior hits you with a war axe!
* * * LOW HITPOINT WARNING * * *
You are too injured to fight recklessly!
You are too injured to fight recklessly!
You closely miss the orc warrior.
The orc warrior is heavily wounded.
The orc warrior hits you with a war axe!
* * * LOW HITPOINT WARNING * * *
You barely miss the orc warrior.
The orc warrior is heavily wounded.
The orc warrior hits you with a war axe!
* * * LOW HITPOINT WARNING * * *
You closely miss the orc warrior.
The orc warrior is heavily wounded.
The orc warrior hits you with a war axe!!
You die...

#.........######..# ####.##
#....##...........###....##
####..#.##....######.....####
#.............# #..<..###
#.##.##.##....####.##.####
####.##.##.##.........#.....#
#.................#####.....#
#
#....##.#..##[...)#####.....#
#
...#.##....##...@<..........#
#
...........##..)o.#####.....#
### ..##.##.##.##.....#
#.....# #..
..##.##...........# #.....#
#.# .........##########
#########.# .........# ##...#
########## ##..... #...###
#.(##


You could see an orc warrior.

Vanquished Creatures
  A sky beast (D:5)
  A phantom (D:5)
  Blork the orc (D:4)
  A crimson imp (D:5)
  A hound (D:4)
  A giant frog skeleton (D:6)
  5 orc wizards
  Ijyb (D:3)
  An iguana (D:3)
  A worker ant (D:4)
  8 adders
  A shadow imp (D:5)
  A worm (D:3)
  A dart slug (D:1)
  A giant gecko (D:4)
  10 orcs
  3 bats
  6 giant cockroaches
  8 goblins
  2 hobgoblins
  3 jackals
  2 kobolds (D:1)
  3 ball pythons
  A giant newt (D:3)
  9 rats
73 creatures vanquished.

Vanquished Creatures (others)
  A giant newt (D:6)
1 creature vanquished.

Grand Total: 74 creatures vanquished

Notes
Turn   | Place    | Note
--------------------------------------------------------------
     0 | D:1      | Kloppie the Ogre Gladiator began the quest for the Orb.
     0 | D:1      | Reached XP level 1. HP: 22/22 MP: 1/1
   364 | D:1      | Reached XP level 2. HP: 26/31 MP: 2/2
  1069 | D:2      | Reached XP level 3. HP: 28/39 MP: 3/3
  1127 | D:2      | Reached skill level 5 in Maces & Flails
  1532 | D:2      | Reached XP level 4. HP: 49/49 MP: 4/4
  1933 | D:3      | Noticed Ijyb
  1940 | D:3      | Killed Ijyb
  1976 | D:3      | Reached skill level 5 in Fighting
  1983 | D:3      | Reached XP level 5. HP: 57/57 MP: 5/5
  2340 | D:3      | Reached skill level 6 in Maces & Flails
  3060 | D:4      | Found a shimmering altar of Xom.
  3223 | D:4      | Reached XP level 6. HP: 62/67 MP: 6/6
  3238 | D:4      | Noticed Blork the orc
  3253 | D:4      | Reached skill level 7 in Maces & Flails
  3260 | D:4      | Killed Blork the orc
  3465 | D:4      | Found a glowing silver altar of Zin.
  3553 | D:5      | Entered Level 5 of the Dungeon
  3623 | D:5      | Found a staircase to the Ecumenical Temple.
  3693 | D:5      | Noticed a phantom
  3718 | D:5      | Reached XP level 7. HP: 45/76 MP: 7/7
  3737 | Temple   | Entered the Ecumenical Temple
  4144 | Temple   | Became a worshipper of Makhleb the Destroyer
  4239 | D:5      | HP: 3/78 [poisoned by an orc wizard]
  4247 | D:5      | HP: 3/78 [poisoned by an orc wizard]
  4587 | D:5      | Reached skill level 8 in Maces & Flails
  5108 | D:5      | Mangled by an orc warrior

Skill      XL: |  1  2  3  4  5  6  7 |
---------------+----------------------+-----
Fighting       | 3 4 5 6 7 |  7.9
Maces & Flails | 5 6 7 8 |  8.6
Throwing       | |  2.0
Dodging        | |  2.6

Action                   |  1- 3 |  4- 6 |  7- 9 || total
-------------------------+-------+-------+-------++-------
Melee: Flail             |    93 |   150 |    72 ||   315
Throw: Throwing net      |     5 |     1 |     2 ||     8
Evoke: Wand              |       |       |     3 ||     3
  Use: Scroll            |       |     8 |     2 ||    10
       Potion            |       |       |     2 ||     2
 Stab: Sleeping          |     4 |     5 |       ||     9
       Held in net/web   |     1 |       |       ||     1
  Eat: Chunk             |     2 |     6 |       ||     8
       Meat ration       |       |       |     1 ||     1
Armor: Robe              |    46 |    44 |    23 ||   113
Dodge: Dodged            |    48 |    77 |    25 ||   150
